 Dungeon Crawl Stone Soup version 0.20.1-1-g8b1a95d (webtiles) character file.

956 vishdafish the Chopper (level 7, -2/55 HPs)
             Began as a Demonspawn Fighter on July 3, 2017.
             Was a Follower of Nemelex Xobeh.
             Slain by a centaur (6 damage)
             ... on level 5 of the Dungeon.
             The game lasted 00:06:18 (3178 turns).

vishdafish the Chopper (Demonspawn Fighter)         Turns: 3178, Time: 00:06:19

Health: -2/55      AC:  9    Str: 18    XL:     7   Next: 91%
Magic:  10/10      EV:  8    Int: 10    God:    Nemelex Xobeh [*.....]
Gold:   160        SH:  9    Dex: 12    Spells: 6/6 levels left

rFire    . . .     SeeInvis .   a - +0 war axe
rCold    . . .     Gourm    .   c - +0 shield
rNeg     . . .     Faith    .   b - +0 scale mail
rPois    .         Spirit   .   (helmet unavailable)
rElec    .         Reflect  .   (no cloak)
rCorr    .         Harm     .   (no gloves)
MR       .....                  (no boots)
Stlth    ..........             (no amulet)
Regen    0.2/turn               (no ring)
MPRegen  0.2/turn               (no ring)

@: no status effects
A: horns 3, molten scales 1
a: Renounce Religion


You were on level 5 of the Dungeon.
You worshipped Nemelex Xobeh.
Nemelex Xobeh was aware of your devotion.
You were not hungry.

You visited 1 branch of the dungeon, and saw 5 of its levels.

You collected 160 gold pieces.

Inventory:

Hand Weapons
 a - a +0 war axe (weapon)
Armour
 b - a +0 scale mail (worn)
 c - a +0 shield (worn)
Wands
 l - a wand of flame (14/48)
 r - a wand of disintegration (7/24)
Scrolls
 d - 2 scrolls of magic mapping {unknown}
 e - 2 scrolls of remove curse {unknown}
 i - a scroll of identify {unknown}
 j - 3 scrolls of amnesia {unknown}
 k - 2 scrolls of noise {unknown}
 n - a scroll of random uselessness {unknown}
 p - 2 scrolls of teleportation {unknown}
 q - a scroll of enchant armour {unknown}
 t - a scroll of enchant weapon {unknown}
 u - a scroll of fog {unknown}
 w - a scroll of fear {unknown}
 x - 3 scrolls of recharging {unknown}
Potions
 m - a potion of cancellation {unknown}
 o - a potion of invisibility {unknown}
 s - 3 potions of heal wounds {unknown}
 v - 2 potions of haste {unknown}
 z - a potion of flight {unknown}
Books
 y - a book of Minor Magic

   Spells                             Type                      Level
   a - Magic Dart                     Conjuration                  1
   b - Blink                          Translocation                2
   c - Call Imp                       Summoning                    2
   d - Slow                           Hexes                        2
   e - Conjure Flame                  Conjuration/Fire             3
   f - Mephitic Cloud                 Conjuration/Poison/Air       3
Comestibles
 f - 2 bread rations
 g - 3 meat rations
 h - 3 royal jellies


   Skills:
 + Level 4.4 Fighting
 * Level 4.7 Axes
 + Level 4.4 Armour
 - Level 1.2 Dodging
 + Level 4.5 Shields
 * Level 4.2 Invocations


You had 6 spell levels left.
You didn't know any spells.

Dungeon Overview and Level Annotations

Branches:
Dungeon (5/15)             Temple (0/1) D:4

Altars:
Nemelex Xobeh


Innate Abilities, Weirdness & Mutations

You have a pair of large horns on your head.
You are partially covered in molten scales. (AC +2)


Message History

* * * LOW HITPOINT WARNING * * *
The centaur hits you but does no damage.
You barely miss the centaur.
The centaur is severely wounded.
The centaur hits you.
* * * LOW HITPOINT WARNING * * *
You hit the centaur.
The centaur is almost dead.
The centaur hits you.
* * * LOW HITPOINT WARNING * * *
The centaur hits you.
* * * LOW HITPOINT WARNING * * *
Okay, then.
Evoke which item? (* to show all) (? for menu, Esc to quit)
Okay, then.
You hit the centaur but do no damage. You headbutt the centaur.
The centaur is almost dead.
The centaur hits you.
You die...
Your body disappears without a glow.

#######################
#.....>...........))...
#.####(#########รท######
#... #.#...# ##.######
#...##.#.#.# #........
#....#.....# #........
#...(..### #........
##.#(### #........ #.#@#
#........ . #c#
##.###### ## #.. #.#
.... ..# ...#. ####
##..... #### ##


You could see a centaur.

Vanquished Creatures
  Sigmund (D:2)
  2 ogres (D:5)
  A bullfrog (D:5)
  2 crimson imps (D:5)
  2 orc priests (D:3)
  A hound (D:4)
  A jelly (D:5)
  Natasha (twice) (D:2)
  A worker ant (D:4)
  A hound skeleton (D:4)
  A worker ant zombie (D:4)
  A howler monkey skeleton (D:4)
  7 adders
  A gnoll (D:5)
  An adder zombie (D:5)
  A worm (D:2)
  3 leopard geckos
  6 orcs
  A ball python (D:3)
  8 bats
  8 giant cockroaches
  7 goblins
  6 hobgoblins
  16 jackals
  5 quokkas
  A ball python skeleton (D:4)
  A ball python zombie (D:5)
  16 frilled lizards
  10 kobolds
  8 rats
122 creatures vanquished.

Vanquished Creatures (collateral kills)
  2 orc priests (D:5)
  An orc (D:5)
3 creatures vanquished.

Vanquished Creatures (others)
  3 gnolls (D:5)
  An orc (D:3)
4 creatures vanquished.

Grand Total: 129 creatures vanquished

Notes
Turn   | Place    | Note
-------+----------+-------------------------------------------
     0 | D:1      | vishdafish the Demonspawn Fighter began the quest for the Orb.
     0 | D:1      | Reached XP level 1. HP: 18/18 MP: 1/1
   142 | D:1      | Gained mutation: You have a pair of small horns on your head. [demonic ancestry]
   142 | D:1      | Reached XP level 2. HP: 19/24 MP: 2/2
   488 | D:1      | Gained mutation: You have a pair of horns on your head. [demonic ancestry]
   488 | D:1      | Reached XP level 3. HP: 28/29 MP: 3/3
   571 | D:2      | Noticed Sigmund
   578 | D:2      | Killed Sigmund
   578 | D:2      | Reached skill level 1 in Dodging
   578 | D:2      | Reached XP level 4. HP: 27/35 MP: 4/4
   578 | D:2      | Reached XP level 5. HP: 32/41 MP: 5/5
   867 | D:2      | Noticed Natasha
   884 | D:2      | Killed Natasha
  1313 | D:2      | Noticed Natasha
  1321 | D:2      | Killed Natasha
  1321 | D:2      | Gained mutation: You are partially covered in molten scales. (AC +2) [demonic ancestry]
  1321 | D:2      | Reached XP level 6. HP: 40/47 MP: 6/6
  1582 | D:3      | Found a sparkling altar of Nemelex Xobeh.
  1640 | D:3      | Became a worshipper of Nemelex Xobeh the Trickster
  1727 | D:3      | Received a gift from Nemelex Xobeh
  1981 | D:3      | Reached skill level 1 in Invocations
  2229 | D:4      | Found a staircase to the Ecumenical Temple.
  2254 | D:4      | Reached * piety under Nemelex Xobeh
  2881 | D:5      | Entered Level 5 of the Dungeon
  2888 | D:5      | Gained mutation: You have a pair of large horns on your head. [demonic ancestry]
  2888 | D:5      | Reached XP level 7. HP: 52/53 MP: 8/8
  3114 | D:5      | Noticed Ijyb
  3121 | D:5      | Noticed Ijyb
  3121 | D:5      | Ijyb changed into Ijyb the adder
  3122 | D:5      | Killed Ijyb the adder
  3178 | D:5      | Slain by a centaur

Skill      XL: |  1  2  3  4  5  6  7 |
---------------+----------------------+-----
Shields        | 3 4 |  4.5
Axes           | 2 3 4 |  4.7
Armour         | 3 4 |  4.4
Dodging        | 1 |  1.2
Invocations    | 2 4 |  4.2
Fighting       | 4 |  4.4

Action                   |  1- 3 |  4- 6 |  7- 9 || total
-------------------------+-------+-------+-------++-------
Melee: War axe           |    79 |   204 |    65 ||   348
       Headbutt          |     9 |    22 |    17 ||    48
Evoke: Deck              |       |     4 |     5 ||     9
       Wand              |       |       |     4 ||     4
  Use: Potion            |       |     1 |       ||     1
 Stab: Distracted        |       |       |     1 ||     1
  Eat: Chunk             |       |     7 |     1 ||     8
Armor: Scale mail        |    39 |   112 |    23 ||   174
Dodge: Dodged            |    24 |    84 |    31 ||   139
Block: Shield            |    47 |   114 |    29 ||   190
